AoeStats
← Pugberto

Arabia

505329187Analyzed
1v1 RM · 25d ago on Sep 8, 2026· 31m 21s· 2 players
Game mode
Random Map
Map size
Tiny (2 player)
Population
200
Speed
Normal
Resources
Standard
Victory
Conquest
Starting age
Dark Age
Ending age
Imperial Age
RankedLock teamsTeams togetherTeam positionsShared explorationLock speedFull tech treeHidden civsTurbo modeCheats
Victory
Defeat
🇦🇷 Bulgarians · Argentina
858
+19
🇲🇽 Aztecs · Mexico
868
-16
Pugberto
10:19 Feudal Age
13:08 Forging
13:26 Scale Mail Armor
14:52 Double-Bit Axe
24:26 Castle Age
23:45 Gold Mining
25:18 Gambesons
26:36 Iron Casting
26:25 Chain Mail Armor
27:51 Bow Saw
GMEX | Tláloc Man
0:29 Loom
12:13 Feudal Age
18:23 Castle Age
17:52 Fletching
23:52 Horse Collar
Connection lost

Rejoining the realm…

Still unreachable

The connection could not be restored.

Session expired

The server has moved on; the page needs a fresh start.